details: 'do ur thang homer simpson'

« prev index next »

General information

Mini Map

Players

team 1
Random» HumanBOTOX (blue | 55 APM | 2219 actions | 40:04)
Hero icon 5 Archmage
Ability icon 3 Summon Water Elemental
Ability icon 1 Blizzard
Ability icon 1 Brilliance Aura
Hero icon 1 Mountain King
Ability icon 1 Storm Bolt

» actions
Assign group hotkey1
Basic commands210
Build / train89
Enter build submenu51
Enter hero's abilities submenu6
Remove unit from queue1
Right click1238
Select / deselect503
Select group hotkey2
Use ability118
2219 total
» units
Peasant19
Footman10
Rifleman2
Knight3
Gryphon Rider6
40 total
» upgrades
Masonry3
Lumber Harvesting2
Animal War Training1
Swords3
Plating2
Storm Hammers1
Gunpowder1
13 total
» buildings
Farm12
Barracks2
Altar of Kings1
Lumber Mill4
Scout Tower27
Keep1
Guard Tower21
Town Hall2
Arcane Vault1
Blacksmith1
Castle1
Gryphon Aviary2
75 total
» build order
00:23 Farm
00:36 Barracks
00:50 Altar of Kings
01:04 Farm
01:36 Lumber Mill
01:49 Farm
03:17 Scout Tower
03:22 Scout Tower
03:34 Keep
03:44 Guard Tower
03:49 Guard Tower
04:23 Town Hall
05:33 Arcane Vault
07:04 Blacksmith
07:06 Castle
07:43 Gryphon Aviary
07:45 Barracks
07:53 Scout Tower
07:54 Scout Tower
08:07 Scout Tower
08:08 Scout Tower
08:09 Scout Tower
08:10 Scout Tower
08:32 Guard Tower
09:04 Farm
09:05 Farm
09:06 Guard Tower
09:08 Guard Tower
09:09 Scout Tower
09:09 Scout Tower
09:10 Scout Tower
09:19 Guard Tower
09:20 Scout Tower
09:21 Scout Tower
09:32 Farm
09:33 Farm
09:49 Guard Tower
09:51 Guard Tower
09:57 Guard Tower
10:07 Guard Tower
10:08 Guard Tower
10:16 Scout Tower
10:17 Guard Tower
10:40 Scout Tower
10:41 Scout Tower
10:43 Farm
10:47 Farm
11:05 Gryphon Aviary
11:27 Guard Tower
11:27 Guard Tower
11:29 Scout Tower
11:30 Scout Tower
11:51 Guard Tower
11:52 Guard Tower
13:26 Scout Tower
13:28 Scout Tower
15:24 Guard Tower
18:15 Farm
18:17 Farm
18:19 Farm
26:27 Guard Tower
26:27 Guard Tower
26:31 Town Hall
28:09 Scout Tower
28:10 Scout Tower
28:12 Scout Tower
28:14 Scout Tower
28:16 Scout Tower
28:49 Scout Tower
28:50 Scout Tower
32:27 Lumber Mill
32:30 Lumber Mill
32:51 Guard Tower
32:51 Guard Tower
33:01 Lumber Mill
» items
Scroll of Regeneration2
Scroll of Town Portal3
5 total
NightElfDOLLARPHILL (purple | 29 APM | 527 actions | 18:24)
Hero icon 3 Demon Hunter
Ability icon 2 Immolation
Ability icon 1 Mana Burn
Hero icon 2 Goblin Alchemist
Ability icon 1 Healing Spray
Ability icon 1 Chemical Rage

» actions
Build / train42
Enter build submenu20
Enter hero's abilities submenu5
Give item / drop item1
Remove unit from queue2
Right click228
Select / deselect203
Use ability26
527 total
» units
Wisp8
Archer11
Huntress5
Hippogryph7
31 total
» buildings
Altar of Elders1
Moon Well7
Ancient of War1
Hunter's Hall1
Tree of Ages1
Ancient Protector1
Tree of Eternity1
Ancient of Wind1
Chimaera Roost1
15 total
» build order
00:06 Altar of Elders
00:11 Moon Well
00:31 Ancient of War
02:19 Moon Well
03:06 Moon Well
04:26 Moon Well
05:29 Hunter's Hall
06:43 Moon Well
07:43 Moon Well
09:51 Tree of Ages
10:00 Ancient Protector
12:40 Tree of Eternity
12:50 Ancient of Wind
14:26 Moon Well
15:44 Chimaera Roost
Random» UndeadPEDROTHEKING (green | 37 APM | 687 actions | 18:26)
Hero icon 1 Death Knight
Ability icon 1 Death Coil

» actions
Assign group hotkey11
Basic commands29
Build / train29
ESC pressed3
Enter build submenu24
Enter hero's abilities submenu1
Right click302
Select / deselect227
Select group hotkey36
Use ability25
687 total
» units
Acolyte2
Ghoul16
Gargoyle6
24 total
» upgrades
Unholy Armor1
1 total
» buildings
Altar of Darkness2
Ziggurat12
Crypt4
Tomb of Relics1
Graveyard1
Halls of the Dead1
21 total
» build order
00:05 Altar of Darkness
00:07 Ziggurat
00:10 Crypt
00:12 Ziggurat
00:40 Altar of Darkness
01:01 Tomb of Relics
01:30 Ziggurat
02:23 Crypt
03:47 Ziggurat
05:48 Graveyard
05:56 Ziggurat
06:23 Ziggurat
06:28 Ziggurat
10:55 Halls of the Dead
13:24 Crypt
13:33 Ziggurat
13:34 Ziggurat
13:35 Ziggurat
13:36 Ziggurat
13:38 Crypt
13:50 Ziggurat
» items
Rod of Necromancy1
1 total
Random» NightElfdpk (teal | 25 APM | 991 actions | 40:04)
Hero icon 4 Demon Hunter
Ability icon 2 Mana Burn
Ability icon 2 Evasion
Hero icon 3 Pit Lord
Ability icon 2 Rain of Fire
Ability icon 1 Cleaving Attack

» actions
Basic commands16
Build / train35
Enter build submenu7
Enter hero's abilities submenu8
Right click712
Select / deselect202
Use ability11
991 total
» units
Wisp9
Archer12
21 total
» upgrades
Strength of the Moon1
Moon Armor1
Ultravision1
3 total
» buildings
Altar of Elders1
Moon Well4
Ancient of War1
Hunter's Hall1
Tree of Ages1
Tree of Eternity1
9 total
» build order
00:08 Altar of Elders
00:12 Moon Well
01:02 Ancient of War
01:40 Moon Well
02:36 Moon Well
03:01 Moon Well
03:05 Hunter's Hall
04:48 Tree of Ages
08:03 Tree of Eternity
team 2
Random» NightElfMangina (red | 43 APM | 30 actions | 00:42)

» actions
Assign group hotkey5
Build / train5
Enter build submenu2
Right click5
Select / deselect11
Use ability2
30 total
» units
Wisp5
5 total
» buildings
Altar of Elders1
Moon Well1
2 total
» build order
00:06 Altar of Elders
00:15 Moon Well
Random» Undeadstudio (yellow | 28 APM | 18 actions | 00:38)

» actions
Build / train2
Enter build submenu2
Right click7
Select / deselect5
Use ability2
18 total
» units
Acolyte2
2 total
» buildings
Ziggurat1
Crypt1
2 total
» build order
00:13 Ziggurat
00:16 Crypt
HumanLilHeathen (pink | 28 APM | 1118 actions | 40:05)
Hero icon 5 Warden
Ability icon 3 Fan of Knives
Ability icon 2 Blink

» actions
Assign group hotkey21
Basic commands34
Build / train88
Enter build submenu41
Enter hero's abilities submenu5
Remove unit from queue9
Right click425
Select / deselect347
Select group hotkey73
Use ability75
1118 total
» units
Peasant6
Wisp48
Hippogryph5
Chimaera3
62 total
» upgrades
Strength of the Wild3
Reinforced Hides3
Ultravision1
Well Spring1
Corrosive Breath1
9 total
» buildings
Altar of Kings2
Barracks1
Farm2
Tree of Life7
Tree of Ages1
Altar of Elders1
Moon Well15
Hunter's Hall1
Tree of Eternity1
Ancient of Wind2
Chimaera Roost3
Ancient Protector4
40 total
» build order
00:38 Altar of Kings
00:43 Altar of Kings
00:45 Barracks
00:51 Farm
00:57 Farm
02:33 Tree of Life
03:05 Tree of Life
03:56 Tree of Life
04:52 Tree of Life
21:06 Tree of Life
25:36 Tree of Ages
25:39 Altar of Elders
25:43 Moon Well
25:44 Moon Well
25:46 Moon Well
26:08 Hunter's Hall
27:59 Tree of Eternity
28:02 Ancient of Wind
28:03 Ancient of Wind
29:29 Moon Well
29:30 Moon Well
29:31 Moon Well
29:31 Moon Well
30:24 Chimaera Roost
30:30 Chimaera Roost
30:34 Chimaera Roost
30:47 Moon Well
30:51 Moon Well
31:26 Ancient Protector
31:28 Ancient Protector
31:29 Ancient Protector
31:33 Ancient Protector
34:21 Tree of Life
35:15 Tree of Life
36:29 Moon Well
36:30 Moon Well
36:30 Moon Well
36:30 Moon Well
36:31 Moon Well
36:31 Moon Well
UndeadRegneb (orange | 27 APM | 22 actions | 00:48)

» actions
Build / train2
Enter build submenu3
Right click8
Select / deselect7
Use ability2
22 total
» units
Acolyte2
2 total
» buildings
Ziggurat1
Altar of Darkness1
2 total
» build order
00:12 Ziggurat
00:17 Altar of Darkness

Chat log

(00:07 / Allies) studio: lets rush?
(00:13 / Allies) LilHeathen: do ur thang
(00:13 / Allies) Regneb: sure
(00:14 / Allies) LilHeathen: i do mine
(00:17 / Allies) Mangina: yes
(00:23 / Allies) studio: what you mean pink
(00:29 / Allies) LilHeathen: i do my thang, u do ur thang
(00:31 / Allies) Regneb: hes not a team player
(00:35 / Allies) studio: oh
(00:36 / Allies) Mangina: he means he comes to 4v4 to play solo
(00:41 / Allies) Mangina: die pink
(00:45 / Allies) Regneb: ty pink
(00:49 / All) dpk: the one game i random NE
(00:52 / All) dpk: everyone leaves
(00:53 / All) DOLLARPHILL: bye
(00:53 / All) dpk: ffs
(01:00 / All) DOLLARPHILL: dare you to play it

(08:51 / All) LilHeathen: gg
(08:54 / All) PEDROTHEKING: Gg
(09:04 / All) LilHeathen: just joshing
(09:05 / All) DOLLARPHILL: he made more
(09:11 / All) dpk: lol
(09:21 / All) dpk: i used to do this shit back when this game was new
(09:26 / All) dpk: pissed so many ppl off
(09:31 / All) DOLLARPHILL: me too, this is probably karma

(11:09 / All) dpk: the put lord has a pretty kick ass beard
(11:12 / All) dpk: pit lord

(16:52 / All) BOTOX: barely is enough to be considered tk
(16:52 / All) dpk: 8====D

(34:07 / All) BOTOX: gg

(36:11 / All) LilHeathen: how can I stalemate him lol
(36:15 / All) LilHeathen: I'd have to stick around myself
(36:44 / All) BOTOX: i guess
(36:56 / All) BOTOX: take the win then. he tkd me earlier
(37:02 / All) LilHeathen: lol
(37:16 / All) BOTOX: "i barely hit your hero"
(37:30 / All) BOTOX: 50 hp....he followed it w an lol

(39:30 / All) LilHeathen: The Homer Simpson strategy never fails
(39:45 / All) BOTOX: i guess not
(39:46 / All) BOTOX: gg